 Dungeon Crawl Stone Soup version 0.32-a0-799-g95e1662365 (webtiles) character file.

Game seed: 2302200561859490997

1262 smashvw the Skirmisher (level 8, 0/64 HPs)
             Began as a Gnoll Hunter on Mar 22, 2024.
             Succumbed to a killer bee's poison
             ... on level 4 of the Dungeon.
             The game lasted 00:08:49 (3810 turns).

smashvw the Skirmisher (Gnoll Hunter)               Turns: 3810, Time: 00:08:49

Health: 0/64       AC:  3    Str: 10    XL:     8   Next: 52%
Magic:  13/13      EV: 18    Int: 10    God:
Gold:   264        SH:  0    Dex: 17    Spells: 13/13 levels left

rFire   . . .        a - +0 shortbow
rCold   . . .        (shield currently unavailable)
rNeg    . . .        c - +0 leather armour
rPois   .            (no helmet)
rElec   .            (no cloak)
rCorr   .            (no gloves)
SInv    .            (no boots)
Will    .....        (no amulet)
Stlth   +++          k - +5 ring of evasion
HPRegen 0.30/turn    (no ring)
MPRegen 0.13/turn

%: no passive effects
@: lethally poisoned (0 -> -2)
A: fangs 1, strong nose, distributed training
a: no special abilities


You were on level 4 of the Dungeon.
You visited 1 branch of the dungeon, and saw 5 of its levels.

You collected 339 gold pieces.
You spent 75 gold pieces at shops.

Inventory:

Hand Weapons
 a - a +0 shortbow (weapon)
 B - a +2 dagger of speed
 C - a +3 vampiric hand axe
Missiles
 e - 5 poisoned darts
Armour
 c - a +0 leather armour (worn)
 m - a +0 buckler
Jewellery
 k - a +5 ring of evasion (left hand)
 o - an amulet of magic regeneration
Talismans
 r - a maw talisman
Scrolls
 b - a scroll of butterflies
 g - a scroll of enchant armour {unknown}
 i - a scroll of amnesia {unknown}
 j - a scroll of immolation {unknown}
 n - 6 scrolls of identify {unknown}
 p - 2 scrolls of fear {unknown}
 t - 2 scrolls of teleportation {unknown}
 u - a scroll of vulnerability {unknown}
 v - a scroll of fog {unknown}
 w - a scroll of enchant weapon {unknown}
 y - 2 scrolls of revelation {unknown}
Potions
 d - 2 potions of haste {unknown}
 f - 2 potions of mutation {unknown}
 h - a potion of lignification {unknown}
 l - a potion of magic {unknown}
 q - 2 potions of heal wounds {unknown}
 s - a potion of enlightenment {unknown}
 x - 2 potions of attraction {unknown}
 z - 2 potions of berserk rage {unknown}
 A - 2 potions of curing


   Skills:
 + Level 5.8 Fighting
 + Level 3.4 Short Blades
 + Level 3.4 Long Blades
 + Level 3.4 Axes
 + Level 3.4 Maces & Flails
 + Level 3.4 Polearms
 + Level 3.4 Staves
 + Level 9.2 Ranged Weapons
 + Level 3.4 Throwing
 + Level 3.4 Armour
 + Level 5.8 Dodging
 + Level 4.2 Stealth
 + Level 3.4 Shields
 + Level 3.4 Unarmed Combat
 + Level 3.4 Spellcasting
 + Level 2.8 Conjurations
 + Level 2.8 Hexes
 + Level 2.8 Summonings
 + Level 2.8 Necromancy
 + Level 2.8 Translocations
 + Level 2.8 Fire Magic
 + Level 2.8 Ice Magic
 + Level 2.8 Air Magic
 + Level 2.8 Earth Magic
 + Level 2.8 Alchemy
 + Level 3.8 Invocations
 + Level 3.4 Evocations
 + Level 3.1 Shapeshifting


You had 13 spell levels left.
You didn't know any spells.
Your spell library was empty.

Dungeon Overview and Level Annotations

Branches:
Dungeon (5/15)
 Temple: D:4-7

Altars:
Sif Muna

Shops:
D:5 *

Annotations:
D:5 Menkaure


Innate Abilities, Weirdness & Mutations

You have very sharp teeth.
Your uncanny sense of smell can sniff out nearby items.
Your experience applies equally to all skills.


Message History

You shoot an arrow.
The arrow hits the killer bee but does no damage.
The killer bee barely misses you. The killer bee stings you.
* * * LOW HITPOINT WARNING * * *
You shoot an arrow. The arrow misses the killer bee.
The killer bee barely misses you. x2
You shoot an arrow. The arrow misses the killer bee.
The killer bee misses you. The killer bee stings you.
* * * LOW HITPOINT WARNING * * *
You shoot an arrow. The arrow barely misses the killer bee.
The killer bee barely misses you. The killer bee stings you!
* * * LOW HITPOINT WARNING * * *
You shoot an arrow.
The arrow hits the killer bee but does no damage.
The killer bee stings you.
* * * LOW HITPOINT WARNING * * *
The killer bee stings you.
* * * LOW HITPOINT WARNING * * *
You are lethally poisoned!
The killer bee poisons you!
You shoot an arrow.
The arrow closely misses the killer bee.
* * * LOW HITPOINT WARNING * * *
You feel sick. The killer bee completely misses you.
The killer bee closely misses you.
You shoot an arrow. The arrow hits the killer bee!
The killer bee is heavily wounded.
* * * LOW HITPOINT WARNING * * *
You feel sick. The killer bee closely misses you.
The killer bee barely misses you.
You shoot an arrow. The arrow hits the killer bee.
The killer bee is almost dead.
* * * LOW HITPOINT WARNING * * *
You feel sick. The killer bee completely misses you.
The killer bee closely misses you.
You shoot an arrow. The arrow hits the killer bee!
You kill the killer bee!
* * * LOW HITPOINT WARNING * * *
You feel sick.
You die...

.# #.#####.######
.# #......#.....#
.# #.#####.####.#
## ##<# #.# #.#
####..## ##.# #.#
.......# #..# #.#
####...###.## #.#
........##.# #.#
####....##.#####@#
..........[.)[..>#
#.......##.#######
#.......##.#
#.......##.#
....[...##.#
#.......##.#
#.......##.#
#.......##.#


There were no monsters in sight!

Vanquished Creatures
  A black bear (D:5)
  A centaur (D:5)
  A phantom (D:5)
  3 scorpions
  2 water moccasin zombies (D:4)
  2 water moccasin skeletons (D:4)
  3 killer bees
  A bullfrog zombie (D:4)
  2 hounds (D:5)
  An orc priest (D:4)
  A sleepcap (D:5)
  2 iguanas
  An orc wizard (D:4)
  A hound skeleton (D:4)
  6 adders
  8 shadow imps (D:5)
  2 white imps (D:5)
  2 ufetubi (D:5)
  4 adder zombies (D:4)
  2 dart slugs
  A ribbon worm (D:4)
  3 orcs
  13 bats
  14 endoplasms
  A giant cockroach (D:4)
  10 goblins
  9 hobgoblins
  4 jackals (D:1)
  5 quokkas
  9 ball pythons
  4 frilled lizards
  7 kobolds
  6 rats
132 creatures vanquished.

Notes
Turn   | Place    | Note
-------+----------+-------------------------------------------
     0 | D:1      | smashvw the Gnoll Hunter began the quest for the Orb.
     0 | D:1      | Reached XP level 1. HP: 20/20 MP: 1/1
    75 | D:1      | Reached XP level 2. HP: 26/26 MP: 2/2
   168 | D:1      | Reached XP level 3. HP: 31/31 MP: 3/3
   247 | D:1      | Reached skill level 1 in Invocations
   644 | D:2      | Reached skill level 1 in Short Blades
   644 | D:2      | Reached skill level 1 in Long Blades
   644 | D:2      | Reached skill level 1 in Axes
   644 | D:2      | Reached skill level 1 in Maces & Flails
   644 | D:2      | Reached skill level 1 in Polearms
   644 | D:2      | Reached skill level 1 in Staves
   644 | D:2      | Reached skill level 1 in Throwing
   644 | D:2      | Reached skill level 1 in Armour
   644 | D:2      | Reached skill level 1 in Shields
   644 | D:2      | Reached skill level 1 in Unarmed Combat
   644 | D:2      | Reached skill level 1 in Spellcasting
   644 | D:2      | Reached skill level 1 in Evocations
   709 | D:2      | Reached skill level 1 in Shapeshifting
   709 | D:2      | Reached XP level 4. HP: 38/38 MP: 5/5
   885 | D:2      | You fall into a shaft and drop 1 floor!
   986 | D:3      | Found a shimmering blue altar of Sif Muna.
  1079 | D:3      | Reached skill level 1 in Conjurations
  1079 | D:3      | Reached skill level 1 in Hexes
  1079 | D:3      | Reached skill level 1 in Summonings
  1079 | D:3      | Reached skill level 1 in Necromancy
  1079 | D:3      | Reached skill level 1 in Translocations
  1079 | D:3      | Reached skill level 1 in Fire Magic
  1079 | D:3      | Reached skill level 1 in Ice Magic
  1079 | D:3      | Reached skill level 1 in Air Magic
  1079 | D:3      | Reached skill level 1 in Earth Magic
  1079 | D:3      | Reached skill level 1 in Alchemy
  1310 | D:3      | Noticed a scorpion
  1318 | D:3      | Killed a scorpion
  1319 | D:3      | Reached XP level 5. HP: 43/43 MP: 5/7
  1684 | D:4      | Reached XP level 6. HP: 44/50 MP: 8/8
  1692 | D:4      | Reached skill level 5 in Fighting
  1692 | D:4      | Reached skill level 5 in Dodging
  1860 | D:4      | Reached XP level 7. HP: 54/56 MP: 10/10
  2651 | D:5      | Entered Level 5 of the Dungeon
  2659 | D:5      | Reached skill level 9 in Ranged Weapons
  2921 | D:5      | Reached XP level 8. HP: 34/63 MP: 12/12
  3392 | D:5      | Found Fuxoagyo's General Store.
  3400 | D:5      | Bought a scroll of blinking for 75 gold pieces
  3791 | D:5      | Noticed Menkaure
  3806 | D:4      | HP: 3/64 [poisoned by a killer bee]
  3808 | D:4      | HP: 1/64 [poisoned by a killer bee]
  3810 | D:4      | Succumbed to a killer bee's poison

Illustrated notes

Levels and vault maps discovered:
D:1:      amcnicky_arrival_gap_in_the_tavern_cellar, layout_rooms, st_stairs_1,
          minmay_octomino_e4
D:2:      layout_rooms
D:3:      minmay_spotlight, layout_loops_cross, nicolae_sif_muna_little_library,
          st_stairs_4, amcnicky_mini_corridor_feature
D:4:      layout_loops_ring, serial_undead, serial_undead_b, serial_undead_f,
          serial_undead_f, serial_undead_d
D:5:      wander_river, layout_loops_cross, yredelemnul_altar_generic,
          serial_shops, nicolae_shop_tiny_statue_garden, serial_demonic,
          serial_demonic_d, serial_demonic_g, serial_demonic_d,
          serial_demonic_a, serial_demonic_g, serial_demonic_e,
          kennysheep_generic_room_8, uniq_menkaure

Skill      XL: |  1  2  3  4  5  6  7  8 |
---------------+-------------------------+-----
Invocations    | 1 2 3 |  3.8
Short Blades   | 1 2 3 |  3.4
Long Blades    | 1 2 3 |  3.4
Axes           | 1 2 3 |  3.4
Maces & Flails | 1 2 3 |  3.4
Polearms       | 1 2 3 |  3.4
Staves         | 1 2 3 |  3.4
Throwing       | 1 2 3 |  3.4
Armour         | 1 2 3 |  3.4
Shields        | 1 2 3 |  3.4
Unarmed Combat | 1 2 3 |  3.4
Spellcasting   | 1 2 3 |  3.4
Evocations     | 1 2 3 |  3.4
Shapeshifting  | 1 2 3 |  3.1
Conjurations   | 1 2 |  2.8
Hexes          | 1 2 |  2.8
Summonings     | 1 2 |  2.8
Necromancy     | 1 2 |  2.8
Translocations | 1 2 |  2.8
Fire Magic     | 1 2 |  2.8
Ice Magic      | 1 2 |  2.8
Air Magic      | 1 2 |  2.8
Earth Magic    | 1 2 |  2.8
Alchemy        | 1 2 |  2.8
Stealth        | 3 4 |  4.2
Fighting       | 5 |  5.8
Dodging        | 5 |  5.8
Ranged Weapons | 9 |  9.2

Action                     |  1- 3 |  4- 6 |  7- 9 || total
---------------------------+-------+-------+-------++-------
  Melee: Dagger            |    56 |    52 |   170 ||   278
         Bite              |     5 |     5 |    34 ||    44
   Fire: Shortbow          |    80 |   133 |   139 ||   352
    Use: Scroll            |       |       |     1 ||     1
         Potion            |       |       |     1 ||     1
   Stab: Sleeping          |     3 |       |     5 ||     8
 Armour: Leather armour    |    58 |    40 |    90 ||   188
  Dodge: Dodged            |    80 |   120 |   155 ||   355
  Block: Buckler           |    19 |    17 |    23 ||    59

Table legend: (Time is in decaauts)
 A = Elapsed time spent in this place.
 B = Non-inter-level travel time spent in this place.
 C = Inter-level travel time spent in this place.
 D = Time resting spent in this place.
 E = Time spent auto-exploring this place.
 F = Levels seen in this place.
 G = Mean time per level.
                   A        B        C        D        E       F      G
               +--------+--------+--------+--------+--------+-----+--------+
         Total |   3759 |   3488 |    271 |    197 |   2376 |   5 |  751.8 |
       Dungeon |   3759 |   3488 |    271 |    197 |   2376 |   5 |  751.8 |
               +--------+--------+--------+--------+--------+-----+--------+

Top non-repeatable levels by time:
     D:4: 1244 daAuts
     D:5: 872 daAuts
     D:3: 652 daAuts
     D:1: 580 daAuts
     D:2: 409 daAuts
